 Dungeon Crawl Stone Soup version 0.29.1-12-g30fa7ad0bf (webtiles) character file.

Game seed: 16926489141603560713

109 Stardrizzle the Covered (level 4, -6/40 HPs)
             Began as a Minotaur Fighter on Dec 26, 2022.
             Killed from afar by an orc wizard (8 damage)
             ... with a puff of flame
             ... on level 3 of the Dungeon.
             The game lasted 00:22:22 (3023 turns).

Stardrizzle the Covered (Minotaur Fighter)          Turns: 3023, Time: 00:22:23

Health: -6/40      AC: 12    Str: 23    XL:     4   Next: 59%
Magic:  3/3        EV:  6    Int:  5    God:
Gold:   82         SH:  4    Dex:  9    Spells: 3/3 levels left

rFire   . . .      SeeInvis .   e - +1 scimitar (vorpal)
rCold   . . .      Faith    .   c - +0 buckler
rNeg    . . .      Spirit   .   E - +0 plate armour
rPois   .          Reflect  .   (helmet restricted)
rElec   .          Harm     .   (no cloak)
rCorr   .          Rampage  .   (no gloves)
Will    .....                   (no boots)
Stlth   ..........              (no amulet)
HPRegen 0.13/turn               (no ring)
MPRegen 0.08/turn               (no ring)

@: no status effects
A: horns 2, retaliatory headbutt, talons 1, subdued magic 1
a: no special abilities


You were on level 3 of the Dungeon.
You visited 1 branch of the dungeon, and saw 3 of its levels.

You collected 82 gold pieces.

Inventory:

Hand Weapons
 a - a +0 long sword
 d - a +0 club
 e - a +1 vorpal scimitar (weapon)
 f - a +0 hand axe
 g - a +0 whip
 h - a +1 dagger of flaming
 i - a +0 dagger
 k - a +0 dagger
 l - a +0 dagger
 m - a +0 dagger
 o - a +0 sling
 p - a +0 short sword
 q - a +0 dagger
 s - a +0 club
 u - a +0 dagger
 v - a +0 club
 w - a +0 club
 x - a +0 club
 y - a +0 dagger
 z - a +0 dagger
 C - a +0 dagger
 D - a +0 club
 G - a +0 spear
 H - a +0 dagger
 J - a +0 club
 K - a +0 dagger
 L - a +0 dagger
 O - a +0 short sword
Missiles
 n - 40 stones (quivered)
 t - 4 poisoned darts
Armour
 b - a +0 scale mail
 c - a +0 buckler (worn)
 r - a +0 robe
 A - a +0 helmet
 B - a +0 scale mail
 E - a +0 plate armour (worn)
 F - a +0 robe
 I - a +0 leather armour
 M - a +0 robe
Jewellery
 N - an amulet of guardian spirit


   Skills:
 + Level 4.0 Fighting
 + Level 3.6 Long Blades
 + Level 4.8 Armour
 + Level 0.8 Dodging
 + Level 4.4 Shields


You had 3 spell levels left.
You didn't know any spells.
Your spell library contained the following spells:

 Spells                   Type           Power      Damage    Failure   Level
 Stone Arrow              Conj/Erth      0%         3d7       100%        3
 Animate Armour           Summ/Erth      0%         N/A       100%        4
 Lehudib's Crystal Spear  Conj/Erth      0%         10d2      100%        8


Dungeon Overview and Level Annotations

Branches:
Dungeon (3/15)

Altars:
Sif Muna

Shops:
D:1 [


Innate Abilities, Weirdness & Mutations

You have a pair of horns on your head.
You reflexively headbutt those who attack you in melee.
You have sharp toenails.
Your spells are a little easier to cast, but a little less powerful.


Message History

You hear some strange, mumbled words.
A puff of flame appears from out of thin air!
The puff of flame hits you but does no damage.
You hear some strange, mumbled words.
A puff of flame appears from out of thin air!
The puff of flame hits you!
* * * LOW HITPOINT WARNING * * *
The orc hits you with a +0 hand axe.
* * * LOW HITPOINT WARNING * * *
The orc attacks as you move away! The orc hits you but does no damage.
Something hits you.
* * * LOW HITPOINT WARNING * * *
Something hits you but does no damage.
A magic dart appears from out of thin air!
The magic dart hits something.
You feel better. Something hits you but does no damage.
The orc hits you but does no damage.
Okay, then.
You block something's attack.
A hobgoblin comes into view.
Something hits you but does no damage. Something hits you but does no damage.
Something hits you.
* * * LOW HITPOINT WARNING * * *
A magic dart appears from out of thin air!
The magic dart hits you.
* * * LOW HITPOINT WARNING * * *
There is an open door, spattered with blood here.
A magic dart appears from out of thin air!
The magic dart hits something.
An orc wizard appears from thin air!
Reactivating autopickup.
The orc wizard gestures at you while chanting.
The puff of flame hits you.
* * * LOW HITPOINT WARNING * * *
A puff of flame appears from out of thin air!
Deactivating autopickup; reactivate with Ctrl-A.
The puff of flame hits you!
You die...

## #. #.#
###########
##.#.###.#
#..........
.........####g..
........#
#...#...g......
###.....#
#.....†.#####..
#....######
#########.#
###....#....##


##PPPP# #.# .....†.#.....###PPPPP####.# ###....'......_.@..{.'.oo.#
##...#.....###PP.PP#....# ##..#....## ##PPPP###### #..###### ###### #.## ..#
#### You could see an orc wizard.

Vanquished Creatures
  Robin (D:2)
  An adder (D:2)
  A worm (D:2)
  2 dart slugs
  3 orcs (D:3)
  4 bats
  8 endoplasms
  2 giant cockroaches
  14 goblins
  15 hobgoblins
  3 quokkas
  2 ball pythons
  3 frilled lizards
  3 kobolds
  7 rats
69 creatures vanquished.

Vanquished Creatures (others)
  3 plants (D:3)
  7 withered plants (D:3)
10 creatures vanquished.

Grand Total: 79 creatures vanquished

Notes
Turn   | Place    | Note
-------+----------+-------------------------------------------
     0 | D:1      | Stardrizzle the Minotaur Fighter began the quest for the
                  | Orb.
     0 | D:1      | Reached XP level 1. HP: 19/19 MP: 0/0
   303 | D:1      | Reached XP level 2. HP: 16/27 MP: 1/1
   768 | D:1      | Found Beasm's Armour Shoppe.
  1078 | D:1      | Reached XP level 3. HP: 33/33 MP: 2/2
  1539 | D:1      | Identified a scroll of acquirement
  1539 | D:1      | Acquired a +1 vorpal scimitar
  1977 | D:2      | Noticed Robin
  1985 | D:2      | Killed Robin
  1986 | D:2      | Reached XP level 4. HP: 39/40 MP: 3/3
  2596 | D:2      | Found a shimmering blue altar of Sif Muna.
  2810 | D:2      | Gained mutation: Armour fits poorly on your strangely
                  | shaped body. [potion of mutation]
  2867 | D:3      | Lost mutation: Armour fits poorly on your strangely shaped
                  | body. [potion of mutation]
  2867 | D:3      | Gained mutation: Your spells are a little easier to cast,
                  | but a little less powerful. [potion of mutation]
  2867 | D:3      | Gained mutation: You have sharp toenails. [potion of
                  | mutation]
  2926 | D:3      | Found a faded altar of an unknown god.
  3022 | D:3      | HP: 2/40 [orc wizard/puff of flame (3)]
  3023 | D:3      | Killed from afar by an orc wizard

Illustrated notes

Levels and vault maps discovered:
D:1:      erik_arrival_blinker_ship, layout_rooms, serial_shops,
          nicolae_shop_statue_plus
D:2:      layout_loops_ring, basic_altar, nrook_campfire, uniq_robin
D:3:      layout_basic, gammafunk_ghost_necromancy,
          shapermc_ecumenical_altar_flowoftime

Skill      XL: |  1  2  3  4 |
---------------+-------------+-----
Armour         | 4 |  4.8
Shields        | 4 |  4.4
Long Blades    | 3 |  3.6
Fighting       | 4 |  4.0
Dodging        | |  0.8

Action                   |  1- 3 |  4- 6 || total
-------------------------+-------+-------++-------
Melee: Long sword        |   107 |     7 ||   114
       Headbutt          |    10 |    15 ||    25
       Scimitar          |       |    81 ||    81
       Kick              |       |    26 ||    26
Throw: Stone             |     1 |       ||     1
  Use: Scroll            |     5 |     2 ||     7
       Potion            |       |     4 ||     4
Armor: Scale mail        |    51 |     3 ||    54
       Plate armour      |       |    29 ||    29
Dodge: Dodged            |    37 |     8 ||    45
Block: Buckler           |    21 |     5 ||    26
